 Dungeon Crawl Stone Soup version 0.25-a0-510-ge065f6de7d (console) character file.

Game seed: 3148943048827621779, levelgen mode: deterministic

761 surprisetrex the Conjurer (level 7, -13/61 HPs)
             Began as a Hill Orc Fire Elementalist on Feb 15, 2020.
             Was an Initiate of Okawaru.
             Mangled by an orc warrior
             ... wielding a +0 dire flail
              (23 damage)
             ... on level 6 of the Dungeon.
             The game lasted 00:34:43 (6647 turns).

surprisetrex the Conjurer (HOFE)                    Turns: 6647, Time: 00:34:43

Health: -13/61     AC:  4    Str: 17    XL:     7   Next: 80%
Magic:  7/9        EV: 12    Int: 17    God:    Okawaru [......]
Gold:   341        SH:  5    Dex: 15    Spells: 8/9 levels left

rFire    . . .     SeeInvis +   a - +7 long sword {venom, Dex+4}
rCold    . . .     Gourm    .   d - +0 buckler
rNeg     . . .     Faith    .   e - +0 robe
rPois    .         Spirit   .   (no helmet)
rElec    .         Reflect  .   (no cloak)
rCorr    .         Harm     .   h - +0 pair of gloves
MR       .....                  f - +0 pair of boots
Stlth    ++........             (no amulet)
HPRegen  0.20/turn              z - ring of see invisible
MPRegen  0.11/turn              b - +6 ring of strength

@: no status effects
A: no striking features
a: Renounce Religion


You were on level 6 of the Dungeon.
You worshipped Okawaru.
Okawaru was noncommittal.
You were hungry.

You visited 2 branches of the dungeon, and saw 7 of its levels.

You collected 341 gold pieces.

Inventory:

Hand Weapons
 a - the +7 long sword of Ylul Utu (weapon) {venom, Dex+4}
   (You took it off a hobgoblin on level 2 of the Dungeon)

   It poisons the flesh of those it strikes.
   It affects your dexterity (+4).
Missiles
 o - 49 sling bullets
Armour
 d - a +0 buckler (worn)
 e - a +0 robe (worn)
 f - a +0 pair of boots (worn)
 h - a +0 pair of gloves (worn)
Jewellery
 b - a +6 ring of strength (right hand)
 z - a ring of see invisible (left hand)
Wands
 A - a wand of acid (9)
Scrolls
 g - 3 scrolls of identify
 k - 3 scrolls of amnesia
 l - 5 scrolls of teleportation
 s - a scroll of enchant weapon
 v - a scroll of magic mapping
 w - 3 scrolls of remove curse
 x - a scroll of fog
 D - a scroll of vulnerability
Potions
 i - a potion of might
 j - a potion of cancellation {unknown}
 m - a potion of degeneration {unknown}
 n - 3 potions of flight {unknown}
 p - 3 potions of curing
 r - 2 potions of agility {unknown}
 t - a potion of invisibility {unknown}
 u - 2 potions of brilliance {unknown}
 B - a potion of heal wounds {unknown}
 C - a potion of lignification {unknown}
 E - a potion of magic {unknown}
Comestibles
 c - 11 rations


   Skills:
 - Level 5.0 Fighting
 - Level 1.5 Dodging
 - Level 1.5 Stealth
 - Level 4.3 Shields
 - Level 1.5 Spellcasting
 + Level 5.3 Conjurations
 - Level 4.0 Fire Magic


You had 8 spell levels left.
You knew the following spells:

 Your Spells              Type           Power        Failure   Level  Hunger
a - Foxfire               Conj/Fire      ###.         3%          1    ##.....

Your spell library contained the following spells:

 Spells                   Type           Power        Failure   Level  Hunger
 Conjure Flame            Conj/Fire      ###.....     9%          3    ####...
 Inner Flame              Hex/Fire       #.......     26%         3    ####...
 Sticky Flame             Conj/Fire      ###.....     30%         4    #####..
 Fireball                 Conj/Fire      ###.......   63%         5    ######.


Dungeon Overview and Level Annotations

Branches:
Dungeon (6/15)             Temple (1/1) D:5

Altars:
Ashenzari
Cheibriados
Dithmenos
Elyvilon
Fedhas
Gozag
Kikubaaqudgha
Makhleb
Nemelex Xobeh
Okawaru
Qazlal
Ru
Sif Muna
Trog
Uskayaw
Vehumet
Wu Jian
Yredelemnul
Zin
The Shining One

Annotations:
D:2 1 runed translucent door, Crazy Yiuf


Message History

You throw an atropa-tipped dart.
The atropa-tipped dart barely misses the orc warrior.
The orc warrior barely misses you.
Throwing (i - inventory)
q - an atropa-tipped dart (quivered)
Press: ? - help, Shift-Dir - straight line, f/p - orc warrior
Aim: an orc warrior, wielding a +0 dire flail and wearing a +0 plate armour (heavily wounded, chance to blind on hit: 61%)
You throw an atropa-tipped dart.
The atropa-tipped dart closely misses the orc warrior.
The orc warrior hits you with a +0 dire flail!
You hit the orc warrior.
The orc warrior is poisoned.
The orc warrior is heavily wounded.
The orc warrior hits you with a +0 dire flail!!
* * * LOW HITPOINT WARNING * * *
There is a stone staircase leading up here.
You hit the orc warrior.
The orc warrior looks as sick as possible!
The orc warrior is severely wounded.
The orc warrior barely misses you.
The orc warrior hits you with a +0 dire flail!!
You die...

#####
##...##
##..@..##
#...o...#
#.......#
#...(...#
##.....##
##.....##
#.......#
#.......#
.###
#<......#
...#


You could see an orc warrior.

Vanquished Creatures
  2 necrophages
  A bullfrog (D:2)
  2 scorpions (D:4)
  An orc priest (D:5)
  2 orc wizards
  2 iguanas (D:5)
  A worker ant (D:4)
  A hound zombie (D:6)
  A hound skeleton (D:6)
  7 gnolls
  4 adders
  A shadow imp (D:5)
  2 oozes (D:2)
  An adder skeleton (D:4)
  2 worms
  5 dart slugs
  4 leopard geckos
  7 orcs
  6 giant cockroaches
  10 goblins
  8 hobgoblins
  4 jackals (D:3)
  6 kobolds
  4 quokkas
  4 ball pythons
  8 bats
  9 frilled lizards
  2 jackal skeletons
  11 rats
118 creatures vanquished.

Vanquished Creatures (others)
  146 foxfires
  4 toadstools (D:1)
150 creatures vanquished.

Grand Total: 268 creatures vanquished

Notes
Turn   | Place    | Note
-------+----------+-------------------------------------------
     0 | D:1      | surprisetrex the Hill Orc Fire Elementalist began the quest
                  | for the Orb.
     0 | D:1      | Reached XP level 1. HP: 14/14 MP: 3/3
   323 | D:1      | Reached XP level 2. HP: 20/20 MP: 4/4
   651 | D:1      | Reached skill level 1 in Fighting
  1140 | D:2      | Reached XP level 3. HP: 27/29 MP: 5/5
  1199 | D:2      | Found a runed translucent door.
  1200 | D:2      | Noticed Crazy Yiuf
  1255 | D:2      | Noticed a bullfrog
  1271 | D:2      | Killed a bullfrog
  1271 | D:2      | Reached XP level 4. HP: 37/41 MP: 0/6
  1506 | D:2      | Reached XP level 5. HP: 44/47 MP: 3/7
  1722 | D:2      | Identified the +7 long sword of Ylul Utu {venom, Dex+4}
  1776 | D:2      | Reached skill level 5 in Fighting
  2385 | D:3      | Reached skill level 1 in Shields
  3440 | D:3      | Reached XP level 6. HP: 33/56 MP: 4/8
  5093 | D:5      | Entered Level 5 of the Dungeon
  5247 | D:5      | Reached XP level 7. HP: 23/61 MP: 5/9
  5565 | D:5      | Found a staircase to the Ecumenical Temple.
  5588 | Temple   | Entered the Ecumenical Temple
  5744 | Temple   | Became a worshipper of Warmaster Okawaru
  5871 | D:5      | Found a shattered altar of Ashenzari.
  5898 | D:5      | Found a white marble altar of Elyvilon.
  6212 | D:6      | Reached skill level 5 in Conjurations
  6647 | D:6      | Mangled by an orc warrior

Levels and vault maps discovered:
D:1:      ldierk_water_garden, layout_loops_ring
D:2:      minmay_recursive_quarters, layout_basic, uniq_crazy_yiuf_cottage
D:3:      layout_basic, gup_sewer_entry_bowl, kennysheep_generic_room_4
D:4:      layout_loops_ring
D:5:      layout_loops_cross, kennysheep_little_box, kennysheep_mini_moat,
          minmay_temple_entry_glass, first_ration
D:6:      layout_rooms, ashenzari_altar_1
Temple:   regret_index_temple_mists

Skill      XL: |  1  2  3  4  5  6  7 |
---------------+----------------------+-----
Fire Magic     | 4 |  4.0
Fighting       | 2 4 5 |  5.0
Shields        | 3 4 |  4.3
Conjurations   | 2 5 |  5.3
Dodging        | |  1.5
Stealth        | |  1.5
Spellcasting   | |  1.5

Action                   |  1- 3 |  4- 6 |  7- 9 || total
-------------------------+-------+-------+-------++-------
Melee: Unarmed           |     3 |       |       ||     3
       Dagger            |    82 |    12 |       ||    94
       Long sword        |       |    90 |    46 ||   136
Throw: Dart              |       |     1 |     4 ||     5
 Cast: Foxfire           |    12 |    77 |     8 ||    97
  Use: Scroll            |     5 |     3 |     4 ||    12
       Potion            |       |     1 |     3 ||     4
 Stab: Sleeping          |     1 |     2 |       ||     3
  Eat: Chunk             |     1 |    15 |     1 ||    17
       Ration            |       |       |     1 ||     1
Armor: Robe              |    23 |    19 |    16 ||    58
Dodge: Dodged            |    42 |    41 |    25 ||   108
Block: Buckler           |     8 |    16 |    14 ||    38
       Rpst.: Long sword |       |     8 |     7 ||    15

Table legend:
 A = Non-vault XP
 B = Vault XP
 C = Vault XP percentage of total XP
 D = Non-vault monster count
 E = Vault monster count
 F = Vault count percentage of total count
                 A         B        C        D         E       F
            +---------+---------+-------+---------+---------+-------
      Total |    1064 |      24 |   2.2 |     110 |       8 |   6.8
            +---------+---------+-------+---------+---------+-------
        D:1 |      28 |       0 |   0.0 |      18 |       0 |   0.0
        D:2 |     162 |      17 |   9.5 |      27 |       3 |  10.0
        D:3 |     110 |       7 |   6.0 |      30 |       5 |  14.3
        D:4 |     268 |       0 |   0.0 |      21 |       0 |   0.0
        D:5 |     295 |       0 |   0.0 |      10 |       0 |   0.0
        D:6 |     201 |       0 |   0.0 |       4 |       0 |   0.0
            +---------+---------+-------+---------+---------+-------
